 Dungeon Crawl Stone Soup version 0.29.1-12-g30fa7ad0bf (webtiles) character file.

Game seed: 17529964979146489707

258 fantasyman the Shield-Bearer (level 6, -2/48 HPs)
             Began as a Formicid Fighter on Jan 7, 2023.
             Killed by divine providence
             ... invoked by an orc priest
              (12 damage)
             ... on level 4 of the Dungeon.
             The game lasted 00:05:00 (3969 turns).

fantasyman the Shield-Bearer (Formicid Fighter)     Turns: 3969, Time: 00:05:01

Health: -2/48      AC:  9    Str: 23    XL:     6   Next: 40%
Magic:  6/6        EV:  7    Int:  7    God:
Gold:   311        SH:  6    Dex: 13    Spells: 5/5 levels left

rFire   + . .      SeeInvis +   a - +0 war axe
rCold   . . .      Faith    .   c - +1 buckler
rNeg    + . .      Spirit   .   u - +0 chain mail
rPois   .          Reflect  .   (helmet unavailable)
rElec   .          Harm     .   (no cloak)
rCorr   .          Rampage  .   (no gloves)
Will    .....                   (no boots)
Stlth   ..........              (no amulet)
HPRegen 0.16/turn               k - ring of positive energy
MPRegen 0.10/turn               g - ring of protection from fire

@: no status effects
A: permanent stasis, dig shafts and tunnels, antennae 3, four strong arms
a: Dig, Shaft Self


You were on level 4 of the Dungeon.
You visited 1 branch of the dungeon, and saw 4 of its levels.

You collected 311 gold pieces.

Inventory:

Hand Weapons
 a - a +0 war axe (weapon)
Armour
 b - a +0 scale mail
 c - a +1 buckler (worn)
 u - a +0 chain mail (worn)
Jewellery
 e - a ring of flight
 g - a ring of protection from fire (right hand)
 i - a ring of fire
 k - a ring of positive energy (left hand)
 o - a ring of fire
 s - a ring of protection from fire
Scrolls
 h - 3 scrolls of teleportation
Potions
 d - 2 potions of might
 f - 2 potions of heal wounds
 j - a potion of brilliance {unknown}
 l - 2 potions of lignification
 m - a potion of resistance
 q - 3 potions of curing {unknown}


   Skills:
 + Level 4.2 Fighting
 + Level 4.5 Axes
 + Level 4.5 Armour
 + Level 4.8 Shields


You had 5 spell levels left.
You didn't know any spells.
Your spell library contained the following spells:

 Spells                   Type           Power      Damage    Failure   Level
 Airstrike                Air            0%         2d(0-16)  100%        4
 Summon Lightning Spire   Summ/Air       0%         N/A       100%        4
 Lightning Bolt           Conj/Air       0%         1d11      100%        5


Dungeon Overview and Level Annotations

Branches:
Dungeon (4/15)             Temple (0/1) D:4

Altars:
Wu Jian
Yredelemnul
The Shining One

Shops:
D:1 =


Innate Abilities, Weirdness & Mutations

You cannot be hasted, slowed, berserked, paralysed or teleported.
You can dig through walls and to a lower floor.
You have a pair of large antennae on your head. (SInv)
Your four strong arms can wield two-handed weapons with a shield.


Message History

Found a stone staircase leading up.
No target in view!
There is a stone staircase leading up here.
Found a stone staircase leading down.
No target in view!
j - a cyan potion No target in view!
Key pressed, stopping explore.
No target in view!
You sense a monster nearby.
No target in view!
No target in view!
An orc comes into view. It is wielding a +0 club.
The orc shouts!
You hear a shout!
An orc is nearby!
A ball python comes into view.
The ball python moves out of view.
An orc and 2 orc priests come into view.
The orc shouts!
The orc priest shouts! x2; You hear an angry hiss.
The orc priest invokes the aid of Beogh against you.
Beogh smites you! The orc hits you with a +0 club.
There are monsters nearby!
You barely miss the orc. The orc hits you with a +0 club.
There are monsters nearby!
You completely miss the orc.
The orc priest mumbles some strange prayers to Beogh against you.
Beogh smites you!
There are monsters nearby!
You are too injured to fight recklessly!
You are too injured to fight recklessly!
You are too injured to fight recklessly!
Unknown command.
The orc priest invokes the aid of Beogh against you.
Beogh smites you!
* * * LOW HITPOINT WARNING * * *
You slash the orc!
You kill the orc!
The orc priest calls down the wrath of Beogh upon you.
Beogh smites you!
You die...

#........#
####.#####
###.########
#..........#
#.#.######.#
#.#.# #.#
#...# #.#
#####
######..##
#.###.....#
....##..#
#.@)o.#
###.....#
####o.#
#####.# .o#
#.# .... #.#
.#### #.. .#
### ##


You could see 2 orc priests and an orc.

Vanquished Creatures
  A howler monkey (D:2)
  2 hounds (D:4)
  2 orc priests (D:4)
  3 adders
  2 worms (D:3)
  4 orcs
  8 ball pythons
  5 bats
  9 endoplasms
  2 giant cockroaches
  7 goblins
  8 hobgoblins
  A quokka (D:1)
  3 frilled lizards
  4 kobolds
  A rat (D:3)
62 creatures vanquished.

Notes
Turn   | Place    | Note
-------+----------+-------------------------------------------
     0 | D:1      | fantasyman the Formicid Fighter began the quest for the
                  | Orb.
     0 | D:1      | Reached XP level 1. HP: 18/18 MP: 1/1
    49 | D:1      | Found a faded altar of an unknown god.
   520 | D:1      | Reached XP level 2. HP: 20/24 MP: 2/2
   703 | D:1      | Found Ymiuhumn's Jewellery Emporium.
  1312 | D:2      | Reached XP level 3. HP: 30/30 MP: 3/3
  1360 | D:2      | Found an ornate altar of the Wu Jian Council.
  1690 | D:2      | Reached XP level 4. HP: 27/37 MP: 4/4
  2185 | D:3      | Found a glowing golden altar of the Shining One.
  2187 | D:3      | Noticed an angel
  2204 | D:3      | Found a basalt altar of Yredelemnul.
  2514 | D:3      | Reached XP level 5. HP: 42/42 MP: 5/5
  3295 | D:4      | Reached XP level 6. HP: 13/48 MP: 6/6
  3862 | D:4      | Found a staircase to the Ecumenical Temple.
  3969 | D:4      | Killed from afar by an orc priest

Illustrated notes

Levels and vault maps discovered:
D:1:      dpeg_arrival_stone_temple_mockup, layout_basic,
          basic_ecumenical_altar, serial_shops, shop_fountains,
          minmay_strange_pillars
D:2:      layout_basic, basic_altar
D:3:      minmay_evil_eye, layout_loops_ring, grunt_temple_overflow_holy_war
D:4:      layout_loops_ring, minmay_temple_entry_overgrown, uniq_sigmund

Skill      XL: |  1  2  3  4  5 |
---------------+----------------+-----
Axes           | 3 4 |  4.5
Armour         | 4 |  4.5
Fighting       | 4 |  4.2
Shields        | |  4.8

Action                   |  1- 3 |  4- 6 || total
-------------------------+-------+-------++-------
Melee: War axe           |    65 |   115 ||   180
 Abil: Dig               |     1 |     1 ||     2
  Use: Scroll            |       |    10 ||    10
Armor: Scale mail        |    34 |    25 ||    59
       Chain mail        |       |    30 ||    30
Dodge: Dodged            |    42 |    35 ||    77
Block: Buckler           |    16 |    29 ||    45
